 Dungeon Crawl Stone Soup version 0.27.0-1-g7a089689b8 (webtiles) character file.

Game seed: 8598610301604817271

459 garrulousMonolith the Chopper (level 7, -13/61 HPs)
             Began as a Hill Orc Monk on Aug 13, 2021.
             Was a Follower of Beogh.
             Mangled by an ogre (21 damage)
             ... on level 4 of the Dungeon.
             The game lasted 00:06:42 (5626 turns).

garrulousMonolith the Chopper (Hill Orc Monk)       Turns: 5626, Time: 00:06:43

Health: -13/61     AC:  6    Str: 16    XL:     7   Next: 6%
Magic:  9/9        EV: 11    Int: 10    God:    Beogh [*.....]
Gold:   140        SH:  0    Dex: 13    Spells: 3/6 levels left

rFire    . . .     SeeInvis .   n - +1 hand axe (venom)
rCold    . . .     Faith    .   (no shield)
rNeg     . . .     Spirit   .   l - +0 ring mail
rPois    .         Reflect  .   (no helmet)
rElec    .         Harm     .   (no cloak)
rCorr    .         Rampage  .   (no gloves)
Will     .....                  i - +0 pair of boots
Stlth    +.........             (no amulet)
HPRegen  0.20/turn              e - ring of wizardry
MPRegen  0.11/turn              k - ring of wizardry

@: weak-willed
A: no striking features
a: Renounce Religion


You were on level 4 of the Dungeon.
You worshipped Beogh.
Beogh was aware of your devotion.
You visited 1 branch of the dungeon, and saw 4 of its levels.

You collected 140 gold pieces.

Inventory:

Hand Weapons
 n - a +1 hand axe of venom (weapon)
 p - a +0 hunting sling
Missiles
 c - 4 boomerangs
 f - 14 sling bullets
 m - 8 poisoned darts (quivered)
Armour
 g - a +2 robe of the Archmagi
 i - a +0 pair of boots (worn)
 l - a +0 ring mail (worn)
Jewellery
 e - a ring of wizardry (left hand)
 k - a ring of wizardry (right hand)
Scrolls
 b - a scroll of teleportation {unknown}
 j - a scroll of identify {unknown}
 q - a scroll of noise {unknown}
Potions
 a - a potion of resistance {unknown}
 d - 3 potions of flight {unknown}
 h - a potion of attraction {unknown}
 o - 2 potions of curing {unknown}
 r - a potion of brilliance
 u - a potion of lignification


   Skills:
 + Level 5.2 Fighting
 * Level 7.2 Axes
 + Level 3.1 Armour
 - Level 2.4 Dodging
 - Level 1.5 Stealth
 + Level 3.8 Invocations


You had 3 spell levels left.
You knew the following spells:

 Your Spells              Type           Power      Damage    Failure   Level
a - Sting                 Tmut/Pois      0%         1d3       17%         1
b - Poisonous Vapours     Pois/Air       0%         N/A       26%         2

Your spell library contained the following spells:

 Spells                   Type           Power      Damage    Failure   Level
 Slow                     Hex            0%         N/A       26%         2
 Confusing Touch          Hex            0%         N/A       45%         3
 Vampiric Draining        Necr           0%         2d6       45%         3
 Olgreb's Toxic Radiance  Pois           0%         N/A       83%         4


Dungeon Overview and Level Annotations

Branches:
Dungeon (4/15)
 Temple: D:4-7

Altars:
Elyvilon
Gozag

Shops:
D:3 (


Message History

* * * LOW HITPOINT WARNING * * *
Okay, then.
Aiming: Smiting
Press: ? - help, Dir - move target, f - lemure Smite: a lemure (severely wounded, extremely poisoned)
You smite the lemure!
You kill the lemure!
That felt strangely unrewarding.
You can no longer smite your foes.
You start resting.
Magic restored.
You start resting.
HP restored.
You climb downwards.
The ogre closely misses you.
There is a stone staircase leading up here.
You completely miss the ogre.
The ogre hits you with a +0 giant spiked club!
You closely miss the ogre. The ogre barely misses you.
You hit the ogre.
The ogre is poisoned.
The ogre is lightly wounded.
The ogre hits you with a +0 giant spiked club!!
You hear a shout!
You barely miss the ogre.
The ogre is lightly wounded.
The ogre hits you with a +0 giant spiked club!!
* * * LOW HITPOINT WARNING * * *
A lemure comes into view.
The lemure shouts!
A lemure comes into view.
The lemure shouts!
As you read the scroll labelled WODEUVVENYP, it crumbles to dust.
Wisps of shadow whirl around you...
It was a scroll of summoning.
The ogre hits you but does no damage. The lemure hits your giant cockroach.
Your giant cockroach dies!
Your giant cockroach's corpse dissolves into shadows!
As you read the scroll labelled XONATO TOCRYNN, it crumbles to dust.
Magic quickly surges around you.
It was a scroll of vulnerability.
A lemure comes into view.
The ogre hits you with a +0 giant spiked club!!
You die...

##... ######..).
#..†..†.†.
####.#####... #....#
#... .....##.# ####
#### #.#
5#.############.#
.#....5.5@O5...<..#
.<.###########...# ..
###...#.# #.
##.O.###..##### # #.###
##..### ##.....###
#...###..## ####....
#..###[.)...##
##....... #.......†..##
####..######
##.#.......######....##


You could see an ogre (poisoned, weak-willed), 3 lemures and an ufetubus
(weak-willed).

Vanquished Creatures
  Sigmund (D:2)
  Edmund (D:4)
  A lemure (D:3)
  2 hounds (D:4)
  A centaur skeleton (D:4)
  An orc wizard (D:3)
  A gnoll (D:1)
  4 adders
  An adder skeleton (D:4)
  A worm (D:2)
  2 dart slugs
  4 orcs (D:3)
  8 ball pythons
  2 bats (D:2)
  3 endoplasms
  A giant cockroach (D:3)
  4 goblins
  6 hobgoblins
  9 jackals
  3 kobolds
  5 quokkas
  3 rats
64 creatures vanquished.

Vanquished Creatures (others)
  An orc priest (D:4)
  2 orcs (D:4)
  2 hobgoblins (D:4)
  A plant (D:4)
6 creatures vanquished.

Grand Total: 70 creatures vanquished

Notes
Turn   | Place    | Note
-------+----------+-------------------------------------------
     0 | D:1      | garrulousMonolith the Hill Orc Monk began the quest for the
                  | Orb.
     0 | D:1      | Reached XP level 1. HP: 19/19 MP: 1/1
   251 | D:1      | Reached XP level 2. HP: 24/27 MP: 2/2
   332 | D:1      | Reached skill level 1 in Invocations
   660 | D:1      | Learned a level 1 spell: Sting
   709 | D:1      | Reached skill level 1 in Armour
   964 | D:1      | Reached XP level 3. HP: 33/33 MP: 1/3
  2300 | D:2      | Reached skill level 5 in Axes
  2496 | D:2      | Noticed Sigmund
  2538 | D:1      | Reached XP level 4. HP: 4/40 MP: 2/5
  3082 | D:2      | Killed Sigmund
  3083 | D:2      | Reached skill level 6 in Axes
  3083 | D:2      | Reached XP level 5. HP: 5/47 MP: 0/7
  3495 | D:2      | Reached XP level 6. HP: 47/53 MP: 6/8
  3616 | D:2      | Found a faded altar of an unknown god.
  4179 | D:3      | Found a white marble altar of Elyvilon.
  4233 | D:3      | Learned a level 2 spell: Poisonous Vapours
  4570 | D:3      | Found Orhy's Weapon Emporium.
  4765 | D:3      | Found an opulent altar of Gozag.
  5121 | D:4      | Became a worshipper of Beogh the Brigand
  5121 | D:4      | Reached * piety under Beogh
  5121 | D:4      | Reached ** piety under Beogh
  5256 | D:4      | Reached skill level 5 in Fighting
  5343 | D:4      | Noticed Edmund
  5353 | D:4      | Killed Edmund
  5354 | D:4      | Reached skill level 7 in Axes
  5354 | D:4      | Reached XP level 7. HP: 57/61 MP: 5/9
  5626 | D:4      | Mangled by an ogre

Illustrated notes

Levels and vault maps discovered:
D:1:      scummos_arrival_simple_crosswalls, layout_basic
D:2:      layout_basic, hellmonk_ecumenical_altar_slurped_away, uniq_sigmund
D:3:      layout_loops_ring, mainiacjoe_overflow_six_doors_small,
          nicolae_gozag_seed_capital, serial_shops, shop
D:4:      layout_rooms, minivault_19, saegor_snake_ambush, uniq_natasha,
          uniq_pikel, uniq_edmund

Skill      XL: |  1  2  3  4  5  6 |
---------------+-------------------+-----
Invocations    | 1 3 |  3.8
Armour         | 1 2 3 |  3.1
Fighting       | 4 5 |  5.2
Axes           | 5 6 7 |  7.2
Dodging        | |  2.4
Stealth        | |  1.5

Action                   |  1- 3 |  4- 6 |  7- 9 || total
-------------------------+-------+-------+-------++-------
Melee: Hand axe          |    93 |   104 |     8 ||   205
Throw: Boomerang         |       |    20 |       ||    20
 Cast: Sting             |    18 |    15 |       ||    33
Invok: Smiting           |       |     1 |     2 ||     3
       Convert to Beogh  |       |     1 |       ||     1
  Use: Scroll            |     2 |     2 |     2 ||     6
       Potion            |       |     3 |       ||     3
Armor: Robe              |    11 |     4 |       ||    15
       Skin              |       |    18 |       ||    18
       Ring mail         |       |    36 |     1 ||    37
       Leather armour    |       |     1 |       ||     1
Dodge: Dodged            |    69 |    58 |     4 ||   131
